 Dungeon Sprint DCSS version 0.18-a0-270-ga9d907f (webtiles) character file.

130 Kidiri the Sneak (level 4, -2/18 HPs)
             Began as a Spriggan Enchanter on Nov 26, 2015.
             Slain by a shadow (4 damage)
             ... in the Dungeon (Sprint III: "The Ten Rune Challenge").
             The game lasted 00:03:52 (612 turns).

Kidiri the Sneak (Spriggan Enchanter)                Turns: 612, Time: 00:03:52

Health: -2/18      AC:  2    Str:  6    XL:     4   Next: 89%
Magic:  7/12       EV: 22    Int: 16    God:
Gold:   30         SH:  0    Dex: 17    Spells: 5 memorised, 2 levels left

rFire  . . .     SeeInvis +     a - +1 dagger
rCold  . . .     Clarity  .     b - +1 robe
rNeg   . . .     SustAt   .     (shield restricted)
rPois  .         Gourm    .     (helmet restricted)
rElec  .         Spirit   .     (no cloak)
rCorr  .         Warding  .     (gloves unavailable)
rMut   .         NoTele   +     (boots unavailable)
MR     .....                    (no amulet)
Stlth  ++++......               (no ring)
                                (no ring)

@: very quick, not resistant to hostile enchantments, stealthy
A: unfitting armour, see invisible, breathe flames 1, deformed body, herbivore
3, speed 3, frail 2, slow metabolism 2, strong 1, no device heal 1
a: Breathe Fire


You were in the Dungeon.
You were not hungry.

You visited 1 branch You collected 30 gold pieces.

Inventory:

Hand Weapons
 a - a +1 dagger (weapon)
Armour
 b - a +1 robe (worn)
Scrolls
 j - a scroll of blinking
 k - a scroll of enchant weapon {unknown}
 m - 2 scrolls of holy word {unknown}
 n - a scroll of fear {unknown}
 o - a scroll of remove curse {unknown}
Potions
 e - a potion of curing
 f - a potion of heal wounds
 g - a potion of haste
 h - 2 potions of magic
 r - 2 potions of flight
 u - a potion of lignification
Books
 c - a book of Maledictions

   Spells                             Type                      Level
   a - Corona                         Hexes                        1
   b - Ensorcelled Hibernation        Hexes/Ice                    2
   c - Confuse                        Hexes                        3
   d - Tukima's Dance                 Hexes                        3
   e - Dazzling Spray                 Conjuration/Hexes            3
Comestibles
 d - a bread ration
 p - a royal jelly
 t - 4 fruits


   Skills:
 + Level 2.0 Fighting
 * Level 4.4 Short Blades
 + Level 1.8 Armour
 * Level 6.2 Dodging
 * Level 7.7 Stealth
 * Level 5.5 Spellcasting
 + Level 0.8 Conjurations
 + Level 4.9 Hexes
 + Level 1.2 Ice Magic


You had 2 spell levels left.
You knew the following spells:

 Your Spells              Type           Power        Failure   Level  Hunger
a - Corona                Hex            ###....      1%          1    None
b - Ensorcelled Hibernat  Hex/Ice        ##....       10%         2    #......
c - Confuse               Hex            ###.....     8%          3    ###....
d - Tukima's Dance        Hex            ###.....     8%          3    ###....
e - Dazzling Spray        Conj/Hex       ##......     14%         3    ###....


Dungeon Overview and Level Annotations

Branches:
Dungeon (1/1)

Altars:
Cheibriados
Fedhas
Sif Muna
Vehumet
Yredelemnul


Innate Abilities, Weirdness & Mutations

You are tiny and cannot use many weapons and most armour.
You have supernaturally acute eyesight.
You are a herbivore.
You cover ground extremely quickly.
You need consume almost no food.
You can breathe flames.
Armour fits poorly on your strangely shaped body.
You are very frail (-20% HP).
Your muscles are strong. (Str +2)
Potions and wands are less effective at restoring your health.


Message History

The shadow misses you.
You barely miss the shadow.
The shadow is moderately damaged.
The shadow completely misses you.
You hit the shadow but do no damage.
The shadow is moderately damaged.
You hit the shadow but do no damage.
The shadow is moderately damaged.
The shadow barely misses you.
You hit the shadow but do no damage.
The shadow is moderately damaged.
The shadow slips into darkness.
The shadow flickers and vanishes for a moment.
You hit the shadow.
The shadow is heavily damaged.
The shadow misses you.
You hit the shadow but do no damage.
The shadow is heavily damaged.
The shadow hits you.
You die...

▓▓ ▓▓▓ .#### ##.# ####
....#####..# #__#
.....#..#..# #np#
##...#!.#..###+#+###+##
###..##+#..#..........#
.##..###...'.⌠..@W....#
##..####...#...######'#
##..###....#.⌠.# #W..#
#...##.....#...# #...#
....#......#+### #...#
..##.#.....#.p #..%'
..#####....#__ +..J#
▓▓▓ ▓▓▓▓▓▓▓▓ ▓▓▓▓▓


You could see a shadow (invisible).

Vanquished Creatures
  A water elemental (D)
  A scorpion (D)
  A human (D)
  4 rats (D)
7 creatures vanquished.

Vanquished Creatures (others)
  2 draconian scorchers (D)
  2 yaktaurs (D)
  2 plants (D)
6 creatures vanquished.

Grand Total: 13 creatures vanquished

Notes
Turn   | Place    | Note
--------------------------------------------------------------
     0 | D        | Kidiri the Spriggan Enchanter began the quest for the Orb.
     0 | D        | Reached XP level 1. HP: 9/9 MP: 5/5
    64 | D        | Noticed a scorpion
    67 | D        | Killed a scorpion
    67 | D        | Reached skill level 1 in Fighting
    67 | D        | Reached skill level 1 in Armour
    67 | D        | Reached skill level 5 in Dodging
    67 | D        | Reached skill level 6 in Stealth
    67 | D        | Reached XP level 2. HP: 12/14 MP: 5/8
    67 | D        | Reached XP level 3. HP: 15/18 MP: 6/10
    76 | D        | Learned a level 3 spell: Confuse
    80 | D        | Learned a level 3 spell: Tukima's Dance
    81 | D        | Killed a yaktaur
    83 | D        | Learned a level 2 spell: Ensorcelled Hibernation
   118 | D        | Reached XP level 4. HP: 22/22 MP: 11/11
   123 | D        | Learned a level 3 spell: Dazzling Spray
   147 | D        | Gained mutation: Armour fits poorly on your strangely shaped body. [potion of mutation]
   147 | D        | Gained mutation: Potions and wands are less effective at restoring your health. [potion of mutation]
   147 | D        | Gained mutation: Your muscles are strong. (Str +2) [potion of mutation]
   148 | D        | Gained mutation: You are frail (-10% HP). [potion of mutation]
   148 | D        | Gained mutation: Your body sometimes deteriorates upon taking damage. [potion of mutation]
   148 | D        | Gained mutation: You can breathe flames. [potion of mutation]
   149 | D        | Gained mutation: You are very frail (-20% HP). [potion of mutation]
   150 | D        | Lost mutation: Your body sometimes deteriorates upon taking damage. [potion of mutation]
   178 | D        | Reached skill level 7 in Stealth
   178 | D        | Reached skill level 5 in Spellcasting
   178 | D        | Reached skill level 1 in Ice Magic
   261 | D        | Killed a white draconian scorcher
   273 | D        | Killed a white draconian scorcher
   398 | D        | Killed a yaktaur
   439 | D        | Noticed a shadow
   579 | D        | Found a radiant altar of Vehumet.
   579 | D        | Found a deep blue altar of Sif Muna.
   594 | D        | Found a basalt altar of Yredelemnul.
   595 | D        | Found a snail-covered altar of Cheibriados.
   595 | D        | Found a blossoming altar of Fedhas.
   595 | D        | Noticed a necrophage
   612 | D        | Slain by a shadow

Vault maps used:
D:        dungeon_sprint_mu

Action                   |  1- 3 |  4- 6 || total
-------------------------+-------+-------++-------
Melee: Dagger            |     8 |    13 ||    21
 Cast: Dazzling Spray    |       |     8 ||     8
  Use: Potion            |       |     5 ||     5
       Scroll            |       |     3 ||     3
 Stab: Sleeping          |     4 |       ||     4
